[Event "42nd Olympiad Baku 2016 Women"]
[Site "Baku"]
[Date "2016.09.06"]
[Round "5.18"]
[White "Roy, Ali"]
[Black "Roberts, Lynda"]
[Result "1/2-1/2"]
[ECO "A88"]
[WhiteElo "1894"]
[BlackElo "1888"]
[Annotator ""]
[PlyCount "77"]
[EventDate "2016.??.??"]
[EventType "team-tourn"]
[EventCountry "AZE"]
[SourceTitle "playchess.com"]
[Source "ChessBase"]
[WhiteTeam "Scotland"]
[BlackTeam "Wales"]
[WhiteTeamCountry "SCO"]
[BlackTeamCountry "WLS"]
[TimeControl "40/5400+30:1800+30"]

1. Nf3 {(00:00)} f5 {(00:00)} 2. c4 {(00:00)} Nf6 {
(00:00)} 3. g3 {(00:00)} g6 {(00:08)} 4. Bg2 {(00:
00)} Bg7 {(00:18)} 5. O-O {(00:07)} d6 {(00:37)} 6. d4 {
(00:04)} O-O {(00:19)} 7. Nc3 {(00:13)} c6 {(00:12]
} 8. d5 {(00:15)} e5 {(00:12)} 9. dxe6 {(00:11)} Bxe6 {
(00:15)} 10. b3 {(03:41)} Na6 {(04:51)} 11. Bb2 {(
03:56)} Qc7 {(07:53)} 12. Nd4 {(03:34)} Bf7 {(00:58)} 13.
Qd2 {(06:11)} Rad8 {(02:07)} 14. Rac1 {(03:13)} Rfe8 {
(05:54)} 15. Rfd1 {(04:25)} Nc5 {(03:58)} 16. Qc2 {
(13:42)} Nce4 {(04:12)} 17. b4 {(06:34)} Bh6 {(09:
58)} 18. Nxe4 {(09:32)} Nxe4 {(00:55)} 19. Rb1 {(05:56)}
Bg7 {(08:48)} 20. Qd3 {(10:15)} a6 {(04:00)} 21. a4 {
(01:54)} c5 {(14:13)} 22. Nc2 {(04:26)} Bxb2 {(02:
04)} 23. Rxb2 {(00:06)} cxb4 {(01:45)} 24. Nxb4 {(02:35)}
Qxc4 {(02:31)} 25. Nd5 {(02:55)} Bxd5 {(04:49)} 26. Qxd5+
{(00:12)} Qxd5 {(00:16)} 27. Rxd5 {(00:07)} Nc3 {(
01:50)} 28. Rdd2 {(01:05)} b5 {(02:03)} 29. axb5 {(08:01)}
axb5 {(01:30)} 30. Rd3 {(01:40)} Na4 {(08:22)} 31. Rxb5 {
(03:31)} Rxe2 {(01:41)} 32. Rbd5 {(02:49)} Re1+ {(
01:55)} 33. Bf1 {(00:04)} Rb8 {(02:40)} 34. Rd1 {(01:30)}
Rxd1 {(01:24)} 35. Rxd1 {(00:05)} Rb6 {(00:44)} 36. Bc4+ {
(01:12)} Kg7 {(00:18)} 37. Re1 {(00:37)} Nc5 {(02:
38)} 38. Re7+ Kh6 39. Bg8 1/2-1/2

[Event "42nd Olympiad Baku 2016 Women"]
[Site "Baku"]
[Date "2016.09.06"]
[Round "5.20"]
[White "Rutherford, Kathleen"]
[Black "Sivarajasingam, Venetia"]
[Result "0-1"]
[ECO "A05"]
[WhiteElo "1643"]
[BlackElo "1631"]
[Annotator ""]
[PlyCount "104"]
[EventDate "2016.??.??"]
[EventType "team-tourn"]
[EventCountry "AZE"]
[SourceTitle "playchess.com"]
[Source "ChessBase"]
[WhiteTeam "Scotland"]
[BlackTeam "Wales"]
[WhiteTeamCountry "SCO"]
[BlackTeamCountry "WLS"]
[TimeControl "40/5400+30:1800+30"]

1. Nf3 {(00:00)} Nf6 {(00:00)} 2. g3 {(00:00)} d5 {
(00:00)} 3. Bg2 {(00:00)} Bf5 {(00:04)} 4. O-O {(
00:18)} e6 {(00:06)} 5. c4 {(00:19)} c6 {(02:15)} 6. d3 {
(01:39)} Bd6 {(01:12)} 7. cxd5 {(00:49)} exd5 {(01:
21)} 8. e4 {(01:49)} dxe4 {(05:24)} 9. dxe4 {(01:11)} Bxe4
{(01:04)} 10. Ng5 {(05:45)} Bxg2 {(18:43)} 11. Re1+ {
(03:29)} Kf8 {(01:54)} 12. Kxg2 {(17:38)} h6 {(02:
20)} 13. Nf3 {(16:09)} Qc7 {(01:39)} 14. Nbd2 {(04:55)}
Na6 {(04:22)} 15. Nc4 {(04:34)} Bb4 {(01:42)} 16. Re2 {
(03:38)} Rd8 {(07:47)} 17. Qb3 {(02:09)} Qd7 {(06:
54)} 18. Nce5 {(07:54)} Qd5 {(03:08)} 19. Qc2 {(09:46)}
Bd6 {(14:52)} 20. Bf4 {(05:01)} Bxe5 {(05:19)} 21. Bxe5 {
(03:15)} Qd3 {(05:17)} 22. Qxd3 {(05:27)} Rxd3 {(
00:12)} 23. Rae1 {(00:26)} Rd8 {(04:14)} 24. Bc3 {(01:36)}
Nd5 {(01:25)} 25. Rd2 {(00:56)} f6 {(01:25)} 26. Nh4 {
(02:05)} Kf7 {(01:11)} 27. Rde2 {(01:37)} Nc5 {(00:
49)} 28. Bd2 {(00:33)} Na6 {(04:49)} 29. Nf5 {(00:15)}
Nac7 {(01:12)} 30. Ne3 {(00:27)} Rhe8 {(01:38)} 31. Nc4 {
(00:38)} Rxe2 {(00:43)} 32. Rxe2 {(00:04)} b6 {(00:
55)} 33. b3 {(00:55)} Nb5 {(00:56)} 34. h4 {(00:55)} Nd4 {
(00:36)} 35. Re1 {(00:33)} Nb5 {(00:39)} 36. Rc1 {(
00:20)} c5 {(00:23)} 37. Rd1 {(00:41)} Ndc3 {(00:39)} 38.
Ra1 {(00:30)} Ne4 {(00:31)} 39. Bf4 {(00:23)} Nd4 {
(00:52)} 40. f3 {(00:00)} Nc3 {(00:00)} 41. Nd6+ {(
05:18)} Kg6 {(03:11)} 42. Nc4 {(04:23)} Re8 {(01:57)} 43.
Kh3 {(10:02)} Nxf3 {(05:03)} 44. Kg4 {(01:46)} Nd4 {
(02:15)} 45. Bd2 {(01:02)} h5+ {(02:08)} 46. Kh3 {(
01:29)} Ne4 {(01:48)} 47. Bf4 {(02:52)} Nf2+ {(00:59)} 48.
Kg2 {(00:22)} Ng4 {(00:06)} 49. Kf1 {(01:44)} Re2 {
(00:21)} 50. Bb8 {(02:43)} Nh2+ {(01:39)} 51. Kg1 {
(00:15)} Ndf3+ {(00:05)} 52. Kh1 {(00:14)} Ng4 {(
00:11)} 0-1

[Event "42nd Olympiad Baku 2016 Women"]
[Site "Baku"]
[Date "2016.09.06"]
[Round "5.29"]
[White "Sahl, Sheila Barth"]
[Black "Tharushi, T H D Niklesha"]
[Result "1-0"]
[ECO "B77"]
[WhiteElo "2181"]
[BlackElo "1584"]
[Annotator ""]
[PlyCount "71"]
[EventDate "2016.??.??"]
[EventType "team-tourn"]
[EventCountry "AZE"]
[SourceTitle "playchess.com"]
[Source "ChessBase"]
[WhiteTeam "Norway"]
[BlackTeam "Sri Lanka"]
[WhiteTeamCountry "NOR"]
[BlackTeamCountry "SRI"]
[TimeControl "40/5400+30:1800+30"]

1. e4 {(00:00)} c5 {(00:00)} 2. Nf3 {(00:00)} d6 {(
00:00)} 3. d4 {(00:00)} cxd4 {(00:00)} 4. Nxd4 {(00:07)}
g6 {(00:23)} 5. Nc3 {(00:28)} Bg7 {(00:08)} 6. Be3 {
(00:52)} Nc6 {(00:42)} 7. Qd2 {(00:57)} Nf6 {(00:
12)} 8. f3 {(00:28)} O-O {(00:09)} 9. Bc4 {(00:42)} Bd7 {
(00:21)} 10. h4 {(00:41)} Rc8 {(00:27)} 11. Bb3 {(
01:14)} h5 {(00:16)} 12. O-O-O Ne5 {(03:25)} 13. Bg5 {(02:
13)} Qa5 {(12:59)} 14. Kb1 {(02:02)} Nc4 {(04:26)} 15.
Bxc4 {(13:12)} Rxc4 {(00:03)} 16. Bxf6 {(09:25)} Bxf6 {
(04:58)} 17. Nd5 {(00:08)} Qxd2 {(05:45)} 18. Nxf6+ {
(00:04)} exf6 {(00:15)} 19. Rxd2 {(00:06)} Rd8 {(
06:30)} 20. Rhd1 {(01:55)} d5 {(09:10)} 21. exd5 {(06:51)}
Be8 {(00:24)} 22. b3 {(01:28)} Rc5 {(01:35)} 23. Ne2 {
(00:57)} Bb5 {(02:25)} 24. Ng3 {(08:51)} f5 {(00:
59)} 25. Rd4 {(08:25)} Kf8 {(02:41)} 26. c4 {(01:03)} Bd7
{(01:58)} 27. b4 {(00:18)} Rcc8 {(01:08)} 28. Ne2 {
(03:24)} b6 {(02:12)} 29. Kb2 {(00:51)} Be8 {(01:
39)} 30. Nf4 {(04:32)} a5 {(03:20)} 31. bxa5 {(03:31)}
bxa5 {(01:54)} 32. Kc3 {(00:20)} Rd6 {(03:39)} 33. Rb1 {
(00:41)} Bd7 {(03:17)} 34. Rb7 {(01:16)} f6 {(07:
03)} 35. Nxg6+ {(00:58)} Kg7 {(03:40)} 36. Ne7 {(01:08)}
1-0

[Event "42nd Olympiad Baku 2016 Women"]
[Site "Baku"]
[Date "2016.09.06"]
[Round "5.4"]
[White "Salim-Moussa, Seydi"]
[Black "Manyeli Mahlauli"]
[Result "1-0"]
[ECO "C54"]
[WhiteElo "1668"]
[BlackElo "1088"]
[Annotator ""]
[PlyCount "169"]
[EventDate "2016.??.??"]
[EventType "team-tourn"]
[EventCountry "AZE"]
[SourceTitle "playchess.com"]
[Source "ChessBase"]
[WhiteTeam "Netherlands Antilles"]
[BlackTeam "Lesotho"]
[WhiteTeamCountry "AHO"]
[BlackTeamCountry "LES"]
[TimeControl "40/5400+30:1800+30"]

1. e4 {(00:00)} e5 {(00:00)} 2. Nf3 {(00:00)} Nc6 {
(00:20)} 3. Bc4 {(00:00)} Bc5 {(00:46)} 4. c3 {(00:
36)} Nf6 {(01:31)} 5. O-O {(00:56)} O-O {(01:53)} 6. d4 {
(01:21)} exd4 {(05:19)} 7. cxd4 {(00:09)} d5 {(00:
54)} 8. exd5 {(02:27)} Na5 {(02:30)} 9. Be2 {(07:47)} Bd6
{(02:40)} 10. b4 {(05:46)} Bxb4 {(06:54)} 11. Qa4 {
(00:52)} Nxd5 {(03:43)} 12. a3 {(05:53)} Bc3 {(02:
44)} 13. Nxc3 {(09:27)} Nxc3 {(00:20)} 14. Qc2 {(00:45)}
Nxe2+ {(01:10)} 15. Qxe2 {(00:07)} Bg4 {(00:42)} 16. Bb2 {
(04:28)} Re8 {(01:13)} 17. Qd3 {(01:10)} Qf6 {(03:
17)} 18. Ne5 {(08:37)} Bf5 {(06:30)} 19. Qb5 {(04:50)} Nc6
{(02:23)} 20. Rfe1 {(04:15)} Rad8 {(09:46)} 21. Rac1 {
(13:05)} h6 {(00:40)} 22. Nf3 {(14:14)} Be4 {(02:
39)} 23. d5 {(08:58)} Qg6 {(00:20)} 24. Rxe4 {(01:14)}
Rxe4 {(00:42)} 25. dxc6 {(00:31)} b6 {(01:04)} 26. Qf1 {
(01:48)} Rde8 {(00:16)} 27. Re1 {(00:39)} Qxc6 {(
00:18)} 28. Rxe4 {(00:45)} Rxe4 {(00:29)} 29. Qd3 {(00:24]
} g5 {(01:31)} 30. h3 {(01:02)} h5 {(00:36)} 31. Qd8+ {
(00:21)} Re8 {(00:46)} 32. Qxg5+ {(00:26)} Qg6 {(
01:10)} 33. Qxg6+ {(00:50)} fxg6 {(00:12)} 34. Be5 {(00:
23)} c5 {(00:34)} 35. Bc7 {(01:32)} b5 {(00:28)} 36. Ba5 {
(00:15)} c4 {(00:07)} 37. Bc3 {(00:41)} Kh7 {(01:
52)} 38. Ne5 {(00:13)} Ra8 {(00:29)} 39. Nc6 {(00:15)} a6
{(01:26)} 40. Nb4 {(00:00)} a5 {(00:00)} 41. Nc6 {(
04:15)} b4 {(02:49)} 42. axb4 {(00:01)} a4 {(00:17)} 43.
Kf1 {(03:34)} a3 {(00:25)} 44. Na5 {(00:31)} a2 {(
01:27)} 45. Ba1 {(00:11)} Rb8 {(00:20)} 46. Nxc4 {(02:01)}
Rxb4 {(00:15)} 47. Nb2 {(00:05)} Kg8 {(05:09)} 48. Ke2 {
(00:17)} Kf7 {(00:40)} 49. Kd3 {(01:18)} g5 {(02:
25)} 50. Kc3 {(02:03)} Rb8 {(00:09)} 51. Kd4 {(02:40)} Kg6
{(01:01)} 52. Ke4 {(00:40)} Kf6 {(00:27)} 53. Nc4+ {
(07:36)} Ke6 {(00:27)} 54. Nb2 {(00:39)} Rb4+ {(00:
21)} 55. Kd3 {(01:11)} Kf5 {(00:30)} 56. g3 {(00:46)} g4 {
(00:36)} 57. h4 {(00:27)} Ke6 {(00:34)} 58. Kc3 {(
01:15)} Rb8 {(00:30)} 59. Kc2 {(02:56)} Kd5 {(02:06)} 60.
Nd1 {(02:45)} Ke4 {(04:59)} 61. Nc3+ {(04:43)} Kf3 {
(00:14)} 62. Nxa2 {(00:39)} Ra8 {(01:47)} 63. Kb1 {
(00:42)} Kxf2 {(00:14)} 64. Be5 {(00:43)} Re8 {(01:
54)} 65. Bf4 {(00:06)} Re2 {(00:47)} 66. Nc3 {(00:55)}
Re1+ {(01:49)} 67. Kc2 {(00:18)} Kg2 {(00:27)} 68. Kd2 {
(01:08)} Rf1 {(00:11)} 69. Ne4 {(00:47)} Rf3 {(01:
38)} 70. Ke2 {(01:42)} Ra3 {(02:37)} 71. Nf6 {(00:29)} Ra5
{(02:30)} 72. Ke3 {(00:32)} Kh3 {(07:05)} 73. Ke4 {
(00:28)} Kg2 {(02:19)} 74. Nd7 {(00:11)} Ra3 {(02:
21)} 75. Kf5 {(00:58)} Rxg3 {(01:05)} 76. Bxg3 {(00:05)}
Kxg3 {(00:24)} 77. Kg5 {(00:04)} Kh3 {(00:49)} 78. Ne5 {
(00:51)} g3 {(00:10)} 79. Ng6 {(01:07)} Kh2 {(01:
09)} 80. Nf4 {(00:09)} Kg1 {(03:08)} 81. Kxh5 {(00:08)}
Kf2 {(00:58)} 82. Kg5 {(00:16)} Kf3 {(03:32)} 83. h5 {
(00:09)} g2 {(04:07)} 84. Nxg2 {(00:07)} Kxg2 {(00:
15)} 85. h6 {(00:05)} 1-0

[Event "42nd Olympiad Baku 2016 Women"]
[Site "Baku"]
[Date "2016.09.06"]
[Round "5.32"]
[White "Saumy, Zainab"]
[Black "Machlik, Monika"]
[Result "1-0"]
[ECO "B60"]
[WhiteElo "1688"]
[BlackElo "2060"]
[Annotator ""]
[PlyCount "129"]
[EventDate "2016.??.??"]
[EventType "team-tourn"]
[EventCountry "AZE"]
[SourceTitle "playchess.com"]
[Source "ChessBase"]
[WhiteTeam "Sri Lanka"]
[BlackTeam "Norway"]
[WhiteTeamCountry "SRI"]
[BlackTeamCountry "NOR"]
[TimeControl "40/5400+30:1800+30"]

1. e4 {(00:00)} c5 {(00:00)} 2. Nf3 {(00:20)} d6 {(
00:03)} 3. d4 {(00:33)} cxd4 {(00:26)} 4. Nxd4 {(00:20)}
Nf6 {(00:17)} 5. Nc3 {(00:51)} Nc6 {(00:25)} 6. Bg5 {
(02:39)} g6 {(01:17)} 7. Bxf6 {(01:56)} exf6 {(00:
04)} 8. Bc4 {(00:36)} Bg7 {(01:07)} 9. Ndb5 {(03:39)} O-O
{(00:37)} 10. O-O {(05:33)} f5 {(02:46)} 11. exf5 {
(02:09)} Bxf5 {(24:50)} 12. Nxd6 {(13:47)} Bxc3 {(
23:28)} 13. bxc3 {(01:29)} Bxc2 {(04:28)} 14. Qd5 {(04:13]
} Ne7 {(06:37)} 15. Qe5 {(02:46)} Nc6 {(02:34)} 16. Qf4 {
(01:23)} Qc7 {(02:04)} 17. Rac1 {(02:27)} Bf5 {(01:
45)} 18. Rfd1 {(03:22)} Rad8 {(01:18)} 19. Qg3 {(00:59)}
Be6 {(05:19)} 20. Bxe6 {(02:54)} fxe6 {(00:01)} 21. c4 {
(00:22)} Qe7 {(06:27)} 22. c5 {(00:39)} Rd7 {(01:
03)} 23. h4 {(01:21)} e5 {(01:14)} 24. h5 {(01:42)} Kg7 {
(00:50)} 25. hxg6 {(02:37)} hxg6 {(00:02)} 26. Re1 {
(05:01)} Qe6 {(06:53)} 27. Nc4 {(02:06)} Rd5 {(01:
05)} 28. Ne3 {(03:22)} Rd4 {(00:28)} 29. Rb1 {(01:04)} Rf7
{(00:40)} 30. Rb2 {(02:38)} Rdd7 {(02:00)} 31. Ng4 {
(00:29)} Rd5 {(01:15)} 32. Reb1 {(02:04)} Rdd7 {(
01:26)} 33. Qh3 {(01:13)} Nd4 {(00:55)} 34. Qg3 {(04:09)}
Nc6 {(00:16)} 35. Qh3 {(07:03)} Rc7 {(00:52)} 36. Qh6+ {
(02:26)} Kg8 {(00:01)} 37. Qg5 {(00:13)} Kg7 {(01:
12)} 38. Re1 {(00:17)} Rf5 {(01:33)} 39. Qe3 {(01:55)} Rh5
{(00:54)} 40. f3 {(00:00)} Rf5 {(00:00)} 41. Rd1 {(
03:32)} Rh5 {(08:49)} 42. Rbd2 {(02:17)} Qf5 {(04:06)} 43.
Nf2 {(02:06)} Nd4 {(04:59)} 44. Ne4 {(00:26)} Rh8 {
(02:26)} 45. Kf2 {(00:57)} Re7 {(03:55)} 46. Nd6 {(
00:57)} Qe6 {(02:23)} 47. Re1 {(02:33)} Nf5 {(01:40)} 48.
Qg5 {(01:05)} Rf8 {(05:10)} 49. g4 {(04:31)} Nh6 {(
01:05)} 50. Kg3 {(00:30)} Nf7 {(00:54)} 51. Qe3 {(01:15)}
Qf6 {(00:17)} 52. Kg2 {(00:51)} Rh8 {(01:09)} 53. Nxf7 {
(02:41)} Kxf7 {(00:31)} 54. Rd6 {(01:10)} Qh4 {(00:
21)} 55. Rg1 {(00:58)} Qh2+ {(00:27)} 56. Kf1 {(00:04)}
Qxa2 {(00:33)} 57. Qe4 {(02:31)} Qa1+ {(00:28)} 58. Kg2 {
(00:07)} Qb2+ {(00:12)} 59. Kf1 {(00:11)} Qc1+ {(
00:50)} 60. Kg2 {(00:05)} Qb2+ {(00:32)} 61. Kf1 {(00:05)}
Qb5+ {(00:29)} 62. Kg2 {(00:09)} Qb2+ {(00:29)} 63. Kf1 {
(00:04)} Qc1+ {(00:17)} 64. Kg2 {(00:16)} Rh6 {(00:
54)} 65. Rxc1 {(00:14)} 1-0

[Event "42nd Olympiad Baku 2016 Women"]
[Site "Baku"]
[Date "2016.09.06"]
[Round "5.3"]
[White "Secopito, Catherine"]
[Black "Hamza, Amira"]
[Result "1-0"]
[ECO "A53"]
[WhiteElo "2119"]
[BlackElo "1918"]
[Annotator ""]
[PlyCount "79"]
[EventDate "2016.??.??"]
[EventType "team-tourn"]
[EventCountry "AZE"]
[SourceTitle "playchess.com"]
[Source "ChessBase"]
[WhiteTeam "Philippines"]
[BlackTeam "Algeria"]
[WhiteTeamCountry "PHI"]
[BlackTeamCountry "ALG"]
[TimeControl "40/5400+30:1800+30"]

1. d4 {(00:00)} d6 {(00:00)} 2. c4 {(00:00)} Nf6 {(
00:14)} 3. Nc3 {(00:34)} c6 {(01:27)} 4. e4 {(02:29)} Nbd7
{(02:11)} 5. Be2 {(01:11)} e5 {(01:37)} 6. Nf3 {(
01:53)} Be7 {(03:44)} 7. O-O {(02:11)} O-O {(02:27)} 8. h3
{(03:55)} Re8 {(07:48)} 9. Be3 {(04:26)} Bf8 {(04:
44)} 10. Qc2 {(05:05)} exd4 {(06:15)} 11. Bxd4 {(03:47)}
Ne5 {(05:22)} 12. Nh2 {(13:50)} Bd7 {(19:12)} 13. f4 {
(07:32)} Ng6 {(01:08)} 14. Rae1 {(03:14)} Qa5 {(04:
37)} 15. g4 {(08:14)} h6 {(01:09)} 16. Bd3 {(00:34)} Rad8
{(06:02)} 17. Ne2 {(01:44)} Bc8 {(04:21)} 18. Nf3 {
(06:32)} Nd7 {(05:03)} 19. a3 {(03:01)} Qc7 {(07:
00)} 20. b4 {(07:21)} a5 {(03:10)} 21. Bc3 {(01:18)} axb4
{(01:00)} 22. axb4 {(00:02)} Qb6+ {(04:55)} 23. Kh1 {
(00:59)} d5 {(03:50)} 24. c5 {(03:41)} Nxc5 {(03:
45)} 25. bxc5 {(01:56)} Qxc5 {(00:07)} 26. exd5 {(01:38)}
Qxd5 {(00:39)} 27. Rd1 {(03:24)} Qc5 {(00:55)} 28. f5 {
(05:56)} Ne7 {(00:23)} 29. f6 Nd5 {(00:18)} 30. Bh7+ {
(00:24)} Kh8 {(00:05)} 31. fxg7+ {(00:05)} Bxg7 {(
00:27)} 32. Bxg7+ {(00:06)} Kxg7 {(00:04)} 33. Qxc5 {(00:
05)} Rxe2 {(00:48)} 34. Qd4+ {(01:05)} Kxh7 {(00:50)} 35.
Qd3+ {(00:05)} Kg7 {(00:31)} 36. Qxe2 {(00:06)} b5 {
(01:00)} 37. Ne5 {(01:29)} Be6 {(00:23)} 38. Nxc6 {
(00:21)} Rc8 {(00:16)} 39. Qe5+ {(00:14)} Kh7 {(00:
17)} 40. Rxd5 {(00:00)} 1-0

[Event "42nd Olympiad Baku 2016 Women"]
[Site "Baku"]
[Date "2016.09.06"]
[Round "5.29"]
[White "shaikha Abdallah Aldhaheri"]
[Black "Shabanaj, Eglantina"]
[Result "0-1"]
[ECO "D10"]
[WhiteElo "1495"]
[BlackElo "1932"]
[Annotator ""]
[PlyCount "120"]
[EventDate "2016.??.??"]
[EventType "team-tourn"]
[EventCountry "AZE"]
[SourceTitle "playchess.com"]
[Source "ChessBase"]
[WhiteTeam "United Arab Emirates"]
[BlackTeam "Albania"]
[WhiteTeamCountry "UAE"]
[BlackTeamCountry "ALB"]
[TimeControl "40/5400+30:1800+30"]

1. d4 {(00:00)} d5 {(00:00)} 2. c4 {(00:00)} c6 {(
00:00)} 3. e3 {(01:21)} g6 {(00:03)} 4. Nf3 {(00:37)} Bg4
{(00:13)} 5. h3 {(01:15)} Bxf3 {(00:20)} 6. Qxf3 {(
00:28)} Bg7 {(00:30)} 7. cxd5 {(02:42)} cxd5 {(00:30)} 8.
Nc3 {(01:06)} e6 {(00:15)} 9. Bd3 {(01:42)} Ne7 {(
02:18)} 10. O-O {(01:26)} O-O {(01:13)} 11. Bd2 {(05:16)}
Nbc6 {(03:56)} 12. Rac1 {(04:49)} f5 {(04:19)} 13. Qe2 {
(11:43)} f4 {(09:39)} 14. Bb1 {(13:33)} Nf5 {(06:
03)} 15. Bxf5 {(24:16)} Rxf5 {(02:24)} 16. Qd1 {(01:38)}
f3 {(03:32)} 17. g3 {(02:19)} h5 {(03:12)} 18. Be1 {
(05:06)} Qe7 {(05:52)} 19. Kh2 {(03:46)} Raf8 {(03:
44)} 20. Qd2 {(03:57)} Bh6 {(11:39)} 21. Rd1 {(05:28)} Qc7
{(03:19)} 22. Kh1 {(03:08)} h4 {(09:47)} 23. g4 {(
03:06)} R5f7 {(04:56)} 24. Na4 {(01:32)} Bg5 {(02:05)} 25.
Nc5 {(00:53)} Qd6 {(00:27)} 26. Qc3 {(01:00)} Bd8 {
(00:54)} 27. Nd3 {(00:36)} Bc7 {(02:42)} 28. Ne5 {(
00:40)} Nxe5 {(01:30)} 29. dxe5 {(00:02)} Qxe5 {(00:16)}
30. Qxe5 {(00:31)} Bxe5 {(00:06)} 31. Bc3 {(00:56)} Bxc3 {
(00:11)} 32. bxc3 {(00:01)} Rc7 {(00:11)} 33. Rb1 {
(00:32)} b6 {(01:28)} 34. Rb3 {(00:55)} Rfc8 {(00:
08)} 35. Rc1 {(00:13)} g5 {(01:35)} 36. Kg1 {(00:11)} Kf7
{(00:58)} 37. Kf1 {(00:04)} Rc4 {(01:15)} 38. Ke1 {
(01:09)} e5 {(02:25)} 39. Kd2 {(00:55)} Ke6 {(02:
29)} 40. Kd3 {(00:00)} R8c5 {(00:00)} 41. Ra3 {(03:05)}
Rc7 {(05:12)} 42. Rc2 {(02:34)} Kd6 {(02:06)} 43. Rb3 {
(01:24)} R7c6 {(03:24)} 44. Rcb2 {(01:12)} Kc7 {(
00:34)} 45. a3 {(04:59)} a6 {(01:53)} 46. Rc2 {(05:47)} b5
{(04:50)} 47. Rb4 {(08:32)} R4c5 {(00:59)} 48. Rb3 {
(03:49)} a5 {(02:33)} 49. Rb1 {(01:51)} Kb6 {(01:
48)} 50. Rbc1 {(02:18)} Rc4 {(00:48)} 51. Kd2 {(00:31)}
Ra4 {(03:08)} 52. Ra2 {(00:30)} b4 {(02:09)} 53. cxb4 {
(00:30)} axb4 {(00:36)} 54. Rxc6+ {(00:31)} Kxc6 {(
00:07)} 55. Rc2+ {(00:12)} Kd6 {(00:42)} 56. axb4 {(00:17]
} Rxb4 {(00:07)} 57. Kd3 {(01:01)} e4+ {(01:18)} 58. Kd2 {
(00:17)} Rb1 {(00:09)} 59. Rc8 {(00:40)} Rf1 {(00:
41)} 60. Rd8+ {(00:29)} Ke6 {(00:16)} 0-1

[Event "42nd Olympiad Baku 2016 Women"]
[Site "Baku"]
[Date "2016.09.06"]
[Round "5.9"]
[White "Shamima, Akter Liza"]
[Black "Baciu, Diana"]
[Result "0-1"]
[ECO "D38"]
[WhiteElo "2129"]
[BlackElo "2279"]
[Annotator ""]
[PlyCount "51"]
[EventDate "2016.??.??"]
[EventType "team-tourn"]
[EventCountry "AZE"]
[SourceTitle "playchess.com"]
[Source "ChessBase"]
[WhiteTeam "Bangladesh"]
[BlackTeam "Moldova"]
[WhiteTeamCountry "BAN"]
[BlackTeamCountry "MDA"]
[TimeControl "40/5400+30:1800+30"]

1. d4 {(00:00)} d5 {(00:00)} 2. c4 {(00:00)} e6 {(
00:00)} 3. Nf3 {(01:36)} Nf6 {(00:00)} 4. Nc3 {(00:18)}
Bb4 {(00:00)} 5. Qc2 {(05:46)} dxc4 {(00:26)} 6. e3 {
(06:02)} b5 {(02:42)} 7. a4 {(00:38)} c6 {(03:09)}
8. Be2 {(04:14)} Nbd7 {(05:30)} 9. O-O {(01:07)} Qb6 {
(00:56)} 10. e4 {(03:50)} h6 {(07:43)} 11. Rd1 {(
24:05)} Bb7 {(04:51)} 12. e5 {(06:44)} Nd5 {(00:45)} 13.
Ne4 {(10:21)} a6 {(00:47)} 14. h3 {(07:54)} Be7 {(
00:37)} 15. Bd2 {(01:01)} c5 {(05:32)} 16. axb5 {(05:14)}
axb5 {(00:44)} 17. Rxa8+ {(01:22)} Bxa8 {(00:01)} 18. Be3
{(08:07)} Nxe3 {(02:48)} 19. fxe3 {(00:06)} O-O {(
03:33)} 20. Kh1 {(02:00)} Qc6 {(02:14)} 21. Nc3 {(01:22)}
cxd4 {(00:26)} 22. exd4 {(00:22)} Nb6 {(00:52)} 23. d5 {
(05:38)} Nxd5 {(02:43)} 24. Nd4 {(00:27)} Qc5 {(05:
05)} 25. Ne4 {(03:34)} Qc7 {(00:23)} 26. Nxb5 {(01:12)}
0-1

[Event "42nd Olympiad Baku 2016 Women"]
[Site "Baku"]
[Date "2016.09.06"]
[Round "5.19"]
[White "Sherif, Amina"]
[Black "Mazariegos, Silvia Carolina"]
[Result "1-0"]
[ECO "A41"]
[WhiteElo "2028"]
[BlackElo "1942"]
[Annotator ""]
[PlyCount "117"]
[EventDate "2016.??.??"]
[EventType "team-tourn"]
[EventCountry "AZE"]
[SourceTitle "playchess.com"]
[Source "ChessBase"]
[WhiteTeam "Egypt"]
[BlackTeam "Guatemala"]
[WhiteTeamCountry "EGY"]
[BlackTeamCountry "GUA"]
[TimeControl "40/5400+30:1800+30"]

1. d4 {(00:00)} d6 {(00:08)} 2. Nf3 {(00:00)} Nc6 {
(00:31)} 3. Bf4 {(00:04)} g6 {(02:15)} 4. e3 {(00:
15)} Bg7 {(00:26)} 5. c3 {(01:03)} Nf6 {(01:27)} 6. h3 {
(00:23)} O-O {(00:55)} 7. Be2 {(00:12)} Re8 {(00:
45)} 8. O-O {(02:12)} Bf5 {(23:26)} 9. Bh2 {(02:55)} e5 {
(13:33)} 10. a4 {(03:01)} e4 {(06:41)} 11. Nfd2 {(
04:31)} h5 {(00:17)} 12. c4 {(08:30)} Bh6 {(10:28)} 13.
Nc3 {(11:47)} Nb4 {(22:54)} 14. a5 {(14:12)} Qd7 {(
01:07)} 15. Nb3 {(05:14)} c6 {(02:33)} 16. Qd2 {(26:24)}
Na6 {(02:34)} 17. Rfb1 {(08:07)} Nc7 {(00:49)} 18. Nc1 {
(02:36)} Rad8 {(01:06)} 19. b4 {(00:36)} h4 {(02:
07)} 20. b5 {(01:28)} Ne6 {(04:51)} 21. a6 {(04:11)} cxb5
{(00:38)} 22. axb7 {(02:05)} Ng5 {(00:13)} 23. Rxa7 {
(00:36)} Rb8 {(00:16)} 24. Nxb5 {(00:31)} Bf8 {(00:
08)} 25. Nc3 {(00:29)} Bxh3 {(00:16)} 26. gxh3 {(00:43)}
Qxh3 {(00:01)} 27. Qd1 {(00:29)} Nf3+ {(00:52)} 28. Bxf3 {
(00:05)} exf3 {(00:06)} 29. Qf1 {(00:10)} Qg4+ {(
00:42)} 30. Kh1 {(00:01)} Qf5 {(00:53)} 31. Nd3 {(00:41)}
Ng4 {(00:38)} 32. Nf4 {(01:20)} Bh6 {(00:19)} 33. Rb5 {
(00:45)} Qc2 {(00:12)} 34. Nd1 {(00:29)} Qxd1 {(00:
34)} 35. Qxd1 {(00:30)} Nxf2+ {(00:02)} 36. Kg1 {(00:01)}
Nxd1 {(00:10)} 37. Nd5 {(01:15)} Nxe3 {(01:49)} 38. Nf6+ {
(00:15)} Kg7 {(00:20)} 39. Nxe8+ {(00:00)} Rxe8 {(
00:39)} 40. b8=Q {(00:00)} Rxb8 {(00:00)} 41. Rxb8 {(00:
00)} Nxc4 {(01:00)} 42. Kf2 {(00:59)} Be3+ {(11:16)} 43.
Kxf3 {(00:21)} Bxd4 {(00:06)} 44. Ra4 {(06:49)} Ne5+ {
(02:01)} 45. Kg2 {(04:45)} Bc5 {(02:38)} 46. Rxh4 {
(00:59)} g5 {(03:02)} 47. Ra4 {(07:57)} f5 {(01:02]
} 48. Rc8 {(04:58)} f4 {(04:56)} 49. Re4 {(03:21)} Kf6 {
(00:57)} 50. Rf8+ {(00:58)} Ke6 {(00:32)} 51. Bg1 {
(02:27)} Kd5 {(01:27)} 52. Ra4 {(00:38)} f3+ {(01:
15)} 53. Kf1 {(01:02)} g4 {(00:31)} 54. Bxc5 {(00:32)}
dxc5 {(00:11)} 55. Rd8+ {(00:20)} Ke6 {(02:08)} 56. Re8+ {
(01:54)} Kd5 {(00:13)} 57. Rf4 {(01:01)} Nc4 {(03:
07)} 58. Rd8+ {(00:17)} Nd6 {(00:15)} 59. Rf6 {(00:14)}
1-0